 Dungeon Crawl Stone Soup version 0.30.0-29-ga12c61a403 (webtiles) character file.

Game seed: 14280545944751559894

1309 Fodor the Protected (level 8, -3/69 HPs)
             Began as a Minotaur Fighter on June 20, 2023.
             Shot with a bolt by an orc warrior (16 damage)
             ... on level 5 of the Dungeon.
             The game lasted 00:32:28 (6811 turns).

Fodor the Protected (Minotaur Fighter)              Turns: 6811, Time: 00:32:29

Health: -3/69      AC: 14    Str: 23    XL:     8   Next: 32%
Magic:  7/7        EV:  9    Int:  5    God:
Gold:   157        SH:  5    Dex: 10    Spells: 7/7 levels left

rFire   . . .        a - +0 long sword (heavy)
rCold   . . .        c - +0 buckler
rNeg    + . .        h - +2 chain mail {rN+}
rPois   .            (helmet restricted)
rElec   .            (no cloak)
rCorr   .            (no gloves)
SInv    .            y - +0 pair of boots
Will    .....        (no amulet) Stlth
                     (no ring)
HPRegen 0.31/turn    (no ring)
MPRegen 0.10/turn

%: no passive effects
@: no status effects
A: horns 2, retaliatory headbutt
a: no special abilities


You were on level 5 of the Dungeon.
You visited 1 branch of the dungeon, and saw 5 of its levels.

You collected 202 gold pieces.
You spent 45 gold pieces at shops.

Inventory:

Hand Weapons
 a - a +0 heavy long sword (weapon)
 f - a +1 whip of freezing
 u - a +2 dagger of venom
Missiles
 o - 21 poisoned darts (quivered)
 x - 5 silver javelins
Armour
 c - a +0 buckler (worn)
 h - a +2 chain mail of positive energy (worn)
 y - a +0 pair of boots (worn)
Scrolls
 g - 3 scrolls of brand weapon
 k - 3 scrolls of magic mapping
 l - a scroll of amnesia
 n - a scroll of fear {unknown}
 q - a scroll of poison {unknown}
 s - a scroll of immolation {unknown}
 v - a scroll of blinking {unknown}
 w - 2 scrolls of enchant weapon {unknown}
 A - a scroll of identify {unknown}
Potions
 d - 2 potions of might
 i - 2 potions of flight {unknown}
 j - a potion of degeneration {unknown}
 p - a potion of brilliance
 r - a potion of magic {unknown}
 t - 6 potions of curing {unknown}
 z - a potion of attraction {unknown}


   Skills:
 + Level 5.6 Fighting
 + Level 4.8 Long Blades
 + Level 4.7 Maces & Flails
 + Level 1.0 Throwing
 + Level 8.4 Armour
 + Level 1.8 Dodging
 + Level 0.4 Stealth
 + Level 5.6 Shields


You had 7 spell levels left.
You didn't know any spells.
Your spell library contained the following spells:

 Spells                   Type           Power      Damage    Failure   Level
 Lesser Beckoning         Tloc           0%         N/A       99%         2
 Scorch                   Fire           0%         2d5       99%         2
 Gell's Gravitas          Tloc           0%         N/A       100%        3
 Ozocubu's Armour         Ice            0%         N/A       100%        3
 Teleport Other           Tloc           0%         N/A       100%        3
 Flame Wave               Conj/Fire      0%         2d4       100%        4
 Manifold Assault         Tloc           0%         N/A       100%        4
 Metabolic Englaciation   Hex/Ice        0%         N/A       100%        5
 Dispersal                Tloc           0%         N/A       100%        6
 Simulacrum               Ice/Necr       0%         N/A       100%        6
 Summon Cactus Giant      Summ           0%         N/A       100%        6
 Disjunction              Tloc           0%         N/A       100%        8


Dungeon Overview and Level Annotations

Branches:
Dungeon (5/15)
 Temple: D:4-7

Altars:
Elyvilon

Shops:
D:4 [


Innate Abilities, Weirdness & Mutations

You have a pair of horns on your head.
You reflexively headbutt those who attack you in melee.


Message History

a +0 dagger; an orc corpse You completely miss the orc.
You headbutt the orc.
The orc is severely wounded.
The orc hits you but does no damage. x2
You slash the orc!
You kill the orc!
Things that are here:
a +0 hand axe; an orc corpse
Things that are here:
a +0 dagger; an orc corpse The orc warrior shouts!
The orc warrior unwields a +3 long sword.
The orc warrior wields a +0 arbalest.
The orc warrior shoots a bolt.
The bolt barely misses you.
The orc warrior shoots a bolt.
The bolt hits you!
The orc warrior shoots a bolt.
The bolt barely misses you.
The orc warrior shoots a bolt.
The bolt hits you but does no damage.
The orc shouts!
The orc warrior shoots a bolt.
You block the bolt.
The orc warrior shoots a bolt.
You block the bolt.
The orc warrior shoots a bolt.
The bolt closely misses you.
The bolt hits the orc.
The orc warrior shoots a bolt.
The bolt hits you.
The orc warrior shoots a bolt.
The bolt hits you! The orc hits you but does no damage.
The orc warrior shoots a bolt.
The bolt hits you! The orc attacks as you move away!
The orc closely misses you.
You barely miss the orc. Your headbutt misses the orc.
The orc is severely wounded.
You block the orc's attack. The orc hits you but does no damage.
You slash the orc!
You kill the orc!
The orc warrior shoots a bolt.
The bolt hits you.
The orc warrior shoots a bolt.
The bolt hits you!
The orc warrior shoots a bolt.
The bolt hits you!
* * * LOW HITPOINT WARNING * * *
You see here a +0 club.
The orc warrior shoots a bolt.
The bolt misses you.
The orc warrior shoots a bolt.
The bolt hits you!
You die...

### ##........#.....
##........##.#...
##.........##.....
##...........#..#.. ###
##.................. #.##
##.................#.
#..######....................
#.............o.............#
#.........).@................
#..........................#.
#..............###...........
o.o.#.............##
#........#..
..8.#............##
##..........
....####.........##
##....##.#... ....#
##..##......###...####.....
..8.# #..###..........###
###... ....# #..#
##........## #..#


You could see an orc warrior.

Vanquished Creatures
  Pikel (D:4)
  Sigmund (D:4)
  Edmund (D:4)
  An ogre (D:5)
  3 lemures (D:4)
  2 scorpions
  A jelly (D:5)
  A gnoll bouda (D:5)
  An orc priest (D:5)
  An iguana (D:5)
  2 orc wizards (D:5)
  3 adders
  8 gnolls
  2 worms
  5 dart slugs
  15 orcs
  7 ball pythons
  8 endoplasms
  2 giant cockroaches
  9 goblins
  5 hobgoblins
  7 jackals
  8 kobolds
  4 quokkas
  12 bats
  4 frilled lizards
  5 rats
119 creatures vanquished.

Notes
Turn   | Place    | Note
-------+----------+-------------------------------------------
     0 | D:1      | Fodor the Minotaur Fighter began the quest for the Orb.
     0 | D:1      | Reached XP level 1. HP: 19/19 MP: 0/0
   101 | D:1      | Reached XP level 2. HP: 27/27 MP: 1/1
   122 | D:1      | Reached skill level 4 in Armour
   603 | D:1      | Reached XP level 3. HP: 33/33 MP: 2/2
  1640 | D:2      | Reached skill level 1 in Maces & Flails
  1643 | D:2      | Reached XP level 4. HP: 31/40 MP: 3/3
  2189 | D:3      | Noticed a scorpion
  2197 | D:3      | Killed a scorpion
  2198 | D:3      | Reached skill level 5 in Armour
  2198 | D:3      | Reached XP level 5. HP: 47/47 MP: 4/4
  3153 | D:4      | Found Vinnuof's Armour Emporium.
  3550 | D:4      | Noticed Edmund
  3556 | D:4      | Noticed Sigmund
  3901 | D:4      | Killed Sigmund
  3902 | D:4      | Reached skill level 1 in Dodging
  3902 | D:4      | Reached XP level 6. HP: 53/53 MP: 5/5
  3924 | D:4      | Killed Edmund
  3925 | D:4      | Reached skill level 6 in Armour
  4002 | D:4      | Noticed Pikel
  4371 | D:4      | Bought a +0 pair of boots for 45 gold pieces
  4646 | D:4      | Killed Pikel
  4647 | D:4      | Reached skill level 5 in Fighting
  4647 | D:4      | Reached skill level 7 in Armour
  4647 | D:4      | Reached skill level 5 in Shields
  4647 | D:4      | Reached XP level 7. HP: 26/61 MP: 6/6
  4858 | D:5      | Entered Level 5 of the Dungeon
  4889 | D:5      | Found a white marble altar of Elyvilon.
  4984 | D:5      | Reached skill level 1 in Throwing
  5101 | D:5      | Reached XP level 8. HP: 52/68 MP: 7/7
  5549 | D:5      | HP: 3/69 [poisoned by an orc]
  5556 | D:5      | Reached skill level 8 in Armour
  6354 | D:5      | Found a runed translucent door.
  6811 | D:5      | Shot with a bolt by an orc warrior

Illustrated notes

Levels and vault maps discovered:
D:1:      ncdulo_halloftheorcs, layout_basic, minmay_misc_feat_pillars,
          minmay_misc_feat_alley
D:2:      layout_loops_cross, minmay_cupped
D:3:      layout_basic
D:4:      layout_basic, serial_shops, nicolae_shop_hallway_stairs,
          nicolae_kite_square_tiling_tiny, uniq_pikel, uniq_sigmund, uniq_edmund
D:5:      layout_layer_cave, elyvilon_altar_5, minmay_misc_feat_more_columns,
          lightli_church_of_beogh

Skill      XL: |  1  2  3  4  5  6  7  8 |
---------------+-------------------------+-----
Armour         | 4 5 7 8 |  8.4
Fighting       | 4 5 |  5.6
Shields        | 4 5 |  5.6
Maces & Flails | 1 2 3 4 |  4.7
Dodging        | 1 |  1.8
Long Blades    | 3 4 |  4.8
Throwing       | 1 |  1.0
Stealth        | |  0.4

Action                     |  1- 3 |  4- 6 |  7- 9 || total
---------------------------+-------+-------+-------++-------
  Melee: Long sword        |    13 |    47 |    75 ||   135
         Whip              |    78 |   108 |       ||   186
         Headbutt          |    11 |    36 |    10 ||    57
  Throw: Dart              |       |     4 |     3 ||     7
    Use: Scroll            |       |     7 |     3 ||    10
         Potion            |       |     1 |     3 ||     4
 Armour: Scale mail        |    13 |       |       ||    13
         Chain mail        |    64 |    93 |    75 ||   232
  Dodge: Dodged            |    60 |    61 |    58 ||   179
  Block: Buckler           |    28 |    46 |    36 ||   110
